 Dungeon Crawl Stone Soup version 0.20.0-8-g6b59dc7 (webtiles) character file.

115 RKaid the Charmwright (level 4, 0/34 HPs)
             Began as a Vampire Skald on May 31, 2017.
             Slain by a bat (1 damage)
             ... on level 3 of the Dungeon on June 1, 2017.
             The game lasted 00:09:22 (2575 turns).

RKaid the Charmwright (Vampire Skald)               Turns: 2575, Time: 00:09:23

Health: 0/34       AC:  0    Str: 10    XL:     4   Next: 68%
Magic:  5/7        EV: 20    Int: 16    God:
Gold:   169        SH:  0    Dex: 18    Spells: 4/7 levels left

rFire    . . .     SeeInvis +   (weapon currently unavailable)
rCold    . . .     Gourm    .   (shield currently unavailable)
rNeg     + . .     Faith    .   (armour currently unavailable)
rPois    .         Spirit   .   (helmet currently unavailable)
rElec    .         Reflect  .   (cloak currently unavailable)
rCorr    .         Harm     .   (gloves currently unavailable)
MR       .....                  (boots currently unavailable)
Stlth    ++++......             (no amulet)
Regen    0.2/turn               (ring currently unavailable)
MPRegen  0.1/turn               (ring currently unavailable)

@: bat-form, flying, very quick
A: fangs 3, see invisible
a: End Transformation


You were on level 3 of the Dungeon.
You were not thirsty.
You were in vampire-bat-form.
You visited 1 branch of the dungeon, and saw 3 of its levels.

You collected 169 gold pieces.

Inventory:

Hand Weapons
 a - a +0 falchion (melded)
Armour
 b - a +0 leather armour (melded)
 j - a scarf of repulsion (melded)
   (You found it on level 2 of the Dungeon)
 n - a +2 shield
   (You took it off a hobgoblin on level 2 of the Dungeon)
Scrolls
 e - a scroll of random uselessness {unknown}
 f - a scroll of amnesia {unknown}
 i - 4 scrolls of identify {unknown}
 l - a scroll of enchant weapon {unknown}
 m - a scroll of immolation {unknown}
 p - a scroll of blinking {unknown}
Potions
 d - 13 potions of blood {@q1}
 g - a potion of might {unknown}
 h - a potion of haste {unknown}
 k - 2 potions of mutation {unknown}
 o - a potion of agility {unknown}
 q - a potion of heal wounds {unknown}
 r - a potion of curing {unknown}
Books
 c - a book of Battle


   Skills:
 + Level 2.4 Fighting
 * Level 3.7 Long Blades
 - Level 0.7 Armour
 - Level 2.1 Dodging
 - Level 2.0 Spellcasting
 * Level 4.3 Charms


You had 4 spell levels left.
You knew the following spells:

 Your Spells              Type           Power        Failure   Level  Hunger
a - Infusion              Chrm           ###.         3%          1    #......
D - Song of Slaying       Chrm           ###.....     5%          2    ###....


Dungeon Overview and Level Annotations

Branches:
Dungeon (3/15)

Altars:

Annotations:
D:2 exclusion: Natasha, Natasha
D:3 DasRunzen's ghost, amateur DsGl


Innate Abilities, Weirdness & Mutations

You have razor-sharp teeth.
You have supernaturally acute eyesight. (SInv)
((You can survive without breathing.))


Message History

You barely miss the hobgoblin.
The hobgoblin hits you but does no damage.
You hit the hobgoblin but do no damage. Your bite misses the hobgoblin.
The hobgoblin barely misses you. The hobgoblin closely misses you.
You barely miss the hobgoblin. The hobgoblin closely misses you.
You riposte.
You barely miss the hobgoblin. You completely miss the hobgoblin.
The hobgoblin closely misses you.
You riposte.
You hit the hobgoblin.
You kill the hobgoblin!
Things that are here:
11 gold pieces; an adder corpse You bottle the corpse's blood.
Things that are here:
a potion of blood {@q1}; 11 gold pieces; an adder skeleton You hit the worm.
You hit the worm. The worm bites you!
You hit the worm. You bite the worm. The worm barely misses you.
You hit the worm but do no damage. The worm barely misses you.
You riposte.
You barely miss the worm. You bite the worm, but do no damage.
You hit the worm.
You kill the worm!
You see here a worm corpse.
You butcher the worm corpse.
You see here 3 chunks of flesh.
d - 16 potions of blood {@q1} (gained 1)
You now have 169 gold pieces (gained 11).
You see here an adder skeleton.
You see here 3 chunks of flesh.
The adder hisses angrily.
The adder bites you but does no damage.
You barely miss the adder. The adder bites you.
You hit the adder but do no damage. The adder bites you.
You miss the adder. The adder misses you. x2; You riposte.
You hit the adder. You closely miss the adder. The adder bites you.
You miss the adder. The adder closely misses you. The adder barely misses you.
You riposte.
You hit the adder. You hit the adder.
You kill the adder!
There is a stone staircase leading up here.
You see here an adder corpse.
You bottle the corpse's blood.
d - 17 potions of blood {@q1} (gained 1)
There is a stone staircase leading up here.
You start resting.
A quokka comes into view.
The quokka closely misses you.
You miss the quokka. The quokka bites you.
An adder comes into view.
You closely miss the quokka.
The adder hisses angrily.
You bite the quokka, but do no damage. The quokka bites you.
Your leather armour prevents you from hitting the quokka.
The quokka closely misses you. The quokka barely misses you.
You riposte.
You hit the quokka. You miss the quokka. The quokka barely misses you.
You see here 3 chunks of flesh.
The quokka closely misses you.
You see here an adder skeleton.
You barely miss the quokka. The quokka bites you.
* * * LOW HITPOINT WARNING * * *
Save game and exit?
Level annotation: DasRunzen's ghost, amateur DsGl Welcome back, RKaid the Vampire Skald.
Press ? for a list of commands and other information.
Okay, then.
Okay, then.
Press: ? - help, v - describe, . - travel, g - get item
Here: a quokka An adder skeleton.
The floor.
Okay, then.
Unknown command.
Yummy - fresh blood!
The quokka closely misses you.
Yummy - fresh blood!
The quokka bites you but does no damage.
The quokka barely misses you.
Yummy - fresh blood!
The quokka bites you.
* * * LOW HITPOINT WARNING * * *
Yummy - fresh blood!
The quokka bites you.
* * * LOW HITPOINT WARNING * * *
Unknown command.
The quokka misses you.
A bat comes into view.
The bat barely misses you. The bat hits you but does no damage.
The bat hits you.
* * * LOW HITPOINT WARNING * * *
The bat hits you but does no damage.
Press: ? - help, v - describe, . - travel
Here: a bat The floor.
You turn into a vampire bat.
Your +0 falchion melds into your body.
Your scarf of repulsion melds into your body.
Your +0 leather armour melds into your body.
The haze of the repulsion field disappears.
The bat barely misses you. The bat hits you.
* * * LOW HITPOINT WARNING * * *
A ball python comes into view.
The bat hits you.
You die...

###. S # ##.#. ...... .
... ##.#..####%..... . ...
....#.##........ . ..
#........#...... #
#.##.#.#..#.#.....
$$....#.......... #
#.#.#....bb"####
..##.#.#.#........#.#
.....<..<#.##...S..# ####
####.##.......#.#r###.....
#.##..#%##.####...#
######.......รท.....#.#[#
.....####...###.##...# ..
........#.#..##.##.### .#
.....>..#.#.%.#..... #


You could see an adder, a quokka, a bat and a ball python (sleeping).

Vanquished Creatures
  Jessica (D:2)
  4 adders
  An ooze (D:2)
  A worm (D:3)
  A dart slug (D:1)
  A leopard gecko (D:3)
  3 giant cockroaches
  3 hobgoblins
  5 jackals (D:2)
  3 quokkas
  3 bats
  3 frilled lizards
  6 goblins
  4 kobolds
  4 rats (D:2)
43 creatures vanquished.

Notes
Turn   | Place    | Note
-------+----------+-------------------------------------------
     0 | D:1      | RKaid the Vampire Skald began the quest for the Orb.
     0 | D:1      | Reached XP level 1. HP: 16/16 MP: 3/3
   775 | D:1      | Reached XP level 2. HP: 19/22 MP: 5/5
  1083 | D:2      | Learned a level 2 spell: Song of Slaying
  1092 | D:2      | Noticed Jessica
  1101 | D:2      | Killed Jessica
  1101 | D:2      | Reached skill level 2 in Fighting
  1101 | D:2      | Reached skill level 3 in Long Blades
  1101 | D:2      | Reached XP level 3. HP: 24/27 MP: 6/6
  1171 | D:2      | Reached skill level 4 in Charms
  1653 | D:2      | Reached XP level 4. HP: 24/33 MP: 1/7
  1917 | D:2      | Noticed Natasha
  2301 | D:3      | Noticed DasRunzen's ghost (amateur DsGl)
  2559 | D:3      | HP: 8/34 [quokka (5)]
  2563 | D:3      | HP: 2/34 [quokka (3)]
  2571 | D:3      | HP: 2/34 [bat (1)]
  2575 | D:3      | Slain by a bat

Skill      XL: |  1  2  3 |
---------------+----------+-----
Fighting       | 2 |  2.4
Long Blades    | 3 |  3.7
Charms         | 4 |  4.3
Armour         | |  0.7
Dodging        | |  2.1
Spellcasting   | |  2.0

Action                   |  1- 3 |  4- 6 || total
-------------------------+-------+-------++-------
Melee: Falchion          |    77 |    66 ||   143
       Bite              |     9 |     6 ||    15
 Cast: Infusion          |     2 |       ||     2
 Abil: Bat Form          |       |     1 ||     1
  Use: Potion            |       |     6 ||     6
 Stab: Sleeping          |     3 |     3 ||     6
Armor: Leather armour    |    22 |    17 ||    39
Dodge: Dodged            |    46 |    55 ||   101
       Rpst.: Falchion   |    16 |    16 ||    32

Table legend:
 A = Turns spent in this place as a percentage of turns spent in the entire game.
 B = Non-inter-level travel turns spent in this place as a percentage of non-inter-level travel turns spent in the entire game.
 C = Inter-level travel turns spent in this place as a percentage of turns spent in this place.
 D = Turns resting spent in this place as a percentage of non-inter-level travel turns spent in this place.
 E = Turns spent auto-exploring this place as a percentage of non-inter-level travel turns spent in this place.
 F = Non-inter-level travel turns spent in this place divided by the number of levels of this place that you've seen.
                   A       B       C       D       E      F
               +-------+-------+-------+-------+-------+----------------------
         Total | 100.0 | 100.0 |   0.4 |   6.7 |   8.0 | 188.0
       Dungeon | 100.0 | 100.0 |   0.4 |   6.7 |   8.0 | 188.0
               +-------+-------+-------+-------+-------+----------------------

Table legend:
 A = Kills in this place as a percentage of kills in entire the game.
 B = Kills by you in this place as a percentage of kills by you in the entire game.
 C = Kills by friends in this place as a percentage of kills by friends in the entire game.
 D = Other kills in this place as a percentage of other kills in the entire game.
 E = Experience gained in this place as a percentage of experience gained in the entire game.
 F = Experience gained in this place divided by the number of levels of this place that you have seen.
                   A       B       C       D       E      F
               +-------+-------+-------+-------+-------+----------------------
         Total | 100.0 | 100.0 |  -nan |  -nan | 100.0 |  55.0
       Dungeon | 100.0 | 100.0 |  -nan |  -nan | 100.0 |  55.0
               +-------+-------+-------+-------+-------+----------------------
